 Dungeon Crawl Stone Soup version 0.18.1-6-gd335043 (webtiles) character file.

679 Moloch the Carver (level 7, -17/46 HPs)
             Began as a High Elf Fighter on May 19, 2016.
             Demolished by an ogre
             ... wielding a +0 giant club
              (22 damage)
             ... on level 5 of the Dungeon.
             The game lasted 00:06:26 (3953 turns).

Moloch the Carver (High Elf Fighter)                Turns: 3953, Time: 00:06:26

Health: -17/46     AC:  8    Str: 22    XL:     7   Next: 34%
Magic:  8/8        EV:  3    Int: 13    God:
Gold:   103        SH: 14    Dex: 14    Spells: 0 memorised, 6 levels left

rFire  . . .     SeeInvis .     a - +0 long sword
rCold  . . .     Gourm    .     h - +0 chain mail
rNeg   . . .     Faith    +     g - +0 large shield
rPois  .         Spirit   .     (no helmet)
rElec  .         Dismiss  .     (no cloak)
rCorr  .         Reflect  .     (no gloves)
SustAt .         Harm     .     (no boots)
MR     .....                    t - amulet of faith
Stlth  ..........               (no ring)
                                (no ring)

@: mighty, marked, not resistant to hostile enchantments, extremely unstealthy
A: no striking features
a: no special abilities


You were on level 5 of the Dungeon.
You were not hungry.

You visited 1 branch of the dungeon, and saw 5 of its levels.

You collected 103 gold pieces.

Inventory:

Hand Weapons
 a - a +0 long sword (weapon)
Missiles
 q - a throwing net
 r - 6 tomahawks (quivered)
Armour
 g - a +0 large shield (worn)
 h - a +0 chain mail (worn)
Jewellery
 t - an amulet of faith (around neck)
 x - an uncursed ring of fire
Scrolls
 e - 3 scrolls of fog {unknown}
 l - 4 scrolls of identify {unknown}
 m - a scroll of fear {unknown}
 n - 3 scrolls of enchant armour {unknown}
 p - 2 scrolls of remove curse {unknown}
 v - a scroll of magic mapping {unknown}
 y - a scroll of teleportation {unknown}
Potions
 b - a potion of invisibility {unknown}
 i - 2 potions of heal wounds {unknown}
 j - a potion of mutation {unknown}
 k - 2 potions of curing {unknown}
 s - a potion of berserk rage {unknown}
 w - 2 potions of haste {unknown}
Comestibles
 c - a beef jerky
 f - 5 bread rations
 o - 2 meat rations
 u - a royal jelly


   Skills:
 - Level 3.0 Fighting
 + Level 9.9 Long Blades
 - Level 2.6 Armour
 - Level 2.6 Shields


You had 6 spell levels left.
You didn't know any spells.

Dungeon Overview and Level Annotations

Branches:
Dungeon (5/15)
 Temple: D:4-7

Altars:
Ashenzari
Cheibriados
Dithmenos
Gozag
Makhleb
Ru

Annotations:
D:5 Menkaure


Message History

Menkaure, Prince of Dust comes into view.
You see here a scroll labeled VIAQIE XYTI.
You slash the centaur!
You kill the centaur!
Your shield and chain mail prevent you from hitting the ogre.
The ogre hits you with a giant club.
You slash the ogre!
The ogre is heavily wounded.
The ogre hits you with a giant club!
* * * LOW HITPOINT WARNING * * *
You slash the ogre!
The ogre is almost dead.
Your shield and chain mail prevent you from hitting the ogre.
The ogre is almost dead.
You block the ogre's attack.
A slave comes into view.
You completely miss the ogre.
The ogre is almost dead.
The ogre hits you with a giant club!!
You die...

#.# .. ##.# .. ...#####
.## ##>....+ '. #.#####
#. #.# #.## #.# #.†#
#>##### ##(# #.....#
#@#
#.###.#########O######
#......<..............M
################.######
#.# .. #.## p.# #.##


You could see an ogre and a slave.

Vanquished Creatures
  Grinder (D:5)
  A centaur (D:5)
  A water moccasin zombie (D:5)
  A hound (D:5)
  An orc priest (D:3)
  A giant frog skeleton (D:5)
  2 worker ants (D:4)
  An orc wizard (D:5)
  A hound skeleton (D:5)
  4 adders
  An ooze (D:3)
  2 adder skeletons (D:4)
  3 worms
  A dart slug (D:3)
  4 giant geckos
  13 orcs
  3 ball pythons (D:1)
  14 bats
  5 giant cockroaches
  8 goblins
  10 hobgoblins
  7 jackals
  9 kobolds
  A quokka (D:4)
  5 giant newts
  A jackal skeleton (D:4)
  9 rats
110 creatures vanquished.

Notes
Turn   | Place    | Note
--------------------------------------------------------------
     0 | D:1      | Moloch the High Elf Fighter began the quest for the Orb.
     0 | D:1      | Reached XP level 1. HP: 16/16 MP: 2/2
   141 | D:1      | Reached skill level 3 in Long Blades
   259 | D:1      | Reached XP level 2. HP: 18/21 MP: 3/3
   593 | D:1      | Reached skill level 4 in Long Blades
   890 | D:2      | Reached XP level 3. HP: 26/26 MP: 4/4
  1227 | D:2      | Reached skill level 5 in Long Blades
  1508 | D:2      | Reached XP level 4. HP: 30/31 MP: 5/5
  1919 | D:3      | Found a faded altar to an unknown god.
  2314 | D:3      | Reached skill level 6 in Long Blades
  2317 | D:3      | Reached XP level 5. HP: 28/36 MP: 6/6
  2981 | D:4      | Found a sacrificial altar of Ru.
  2981 | D:4      | Found a snail-covered altar of Cheibriados.
  2982 | D:4      | Found an opulent altar of Gozag.
  2982 | D:4      | Found a shadowy altar of Dithmenos.
  2984 | D:4      | Found a shattered altar of Ashenzari.
  2985 | D:4      | Found a burning altar of Makhleb.
  3113 | D:4      | Reached skill level 7 in Long Blades
  3222 | D:5      | Entered Level 5 of the Dungeon
  3291 | D:5      | Reached XP level 6. HP: 27/42 MP: 7/7
  3406 | D:5      | Reached skill level 8 in Long Blades
  3928 | D:5      | Noticed Grinder
  3936 | D:5      | Killed Grinder
  3936 | D:5      | Reached skill level 9 in Long Blades
  3936 | D:5      | Reached XP level 7. HP: 34/46 MP: 8/8
  3947 | D:5      | Noticed Menkaure
  3953 | D:5      | Demolished by an ogre

Skill      XL: |  1  2  3  4  5  6 |
---------------+-------------------+-----
Long Blades    | 3 4 5 6 7 9 |  9.9
Fighting       | |  3.0
Armour         | |  2.6
Shields        | |  2.6

Action                   |  1- 3 |  4- 6 |  7- 9 || total
-------------------------+-------+-------+-------++-------
Melee: Long sword        |   168 |   279 |    13 ||   460
  Use: Potion            |       |     1 |       ||     1
  Eat: Chunk             |     2 |     9 |       ||    11
Armor: Scale mail        |     9 |       |       ||     9
       Chain mail        |    91 |   182 |     4 ||   277
Dodge: Dodged            |    34 |    26 |       ||    60
Block: Shield            |   113 |       |       ||   113
       Large shield      |    11 |   231 |     8 ||   250
